 Dungeon Crawl Stone Soup version 0.20.1-1-g8b1a95d (webtiles) character file.

441 equalderp2856 the Chopper (level 6, -2/48 HPs)
             Began as a Mummy Fighter on Oct 25, 2017.
             Slain by a centaur (8 damage)
             ... on level 5 of the Dungeon.
             The game lasted 00:05:25 (3882 turns).

equalderp2856 the Chopper (Mummy Fighter)           Turns: 3882, Time: 00:05:27

Health: -2/48      AC:  8    Str: 19    XL:     6   Next: 70%
Magic:  10/10      EV:  7    Int:  9    God:
Gold:   274        SH:  9    Dex: 16    Spells: 7/10 levels left

rFire    x . .     SeeInvis .   a - +0 war axe
rCold    + . .     Gourm    .   c - +0 shield
rNeg     + + +     Faith    .   b - +0 scale mail
rPois    ∞         Spirit   .   (no helmet)
rElec    .         Reflect  .   (no cloak)
rCorr    .         Harm     .   (no gloves)
MR       .....     Rnd*Tele +   j - +0 pair of boots
Stlth    ..........             (no amulet)
Regen    0.2/turn               n - +4 ring of dexterity
MPRegen  0.2/turn               q - ring of teleportation (curse)

@: no status effects
A: no food or potions, fire vulnerability, cold resistance 1, negative energy
resistance 3, torment resistance, unbreathing
a: no special abilities


You were on level 5 of the Dungeon.
You were not hungry.

You visited 1 branch of the dungeon, and saw 6 of its levels.

You collected 274 gold pieces.

Inventory:

Hand Weapons
 a - a +0 war axe (weapon)
 o - a +1 trident of protection
Armour
 b - a +0 scale mail (worn)
 c - a +0 shield (worn)
 j - a +0 pair of boots (worn)
Jewellery
 n - a +4 ring of dexterity (left hand)
 q - a cursed ring of teleportation (right hand)
Scrolls
 d - 2 scrolls of immolation {unknown}
 e - 3 scrolls of teleportation {unknown}
 f - 4 scrolls of remove curse {unknown}
 g - 7 scrolls of identify {unknown}
 h - 3 scrolls of recharging {unknown}
 i - 2 scrolls of enchant armour {unknown}
 k - a scroll of fog {unknown}
 l - a scroll of fear {unknown}
 m - a scroll of magic mapping {unknown}
 p - a scroll of amnesia {unknown}
 r - a scroll of blinking {unknown}
Books
 s - a book of Air

   Spells                             Type                      Level
   a - Shock                          Conjuration/Air              1
   b - Swiftness                      Charms/Air                   2
   c - Static Discharge               Conjuration/Air              3
   d - Airstrike                      Air                          4
   e - Lightning Bolt                 Conjuration/Air              5


   Skills:
 + Level 3.7 Fighting
 * Level 4.1 Axes
 + Level 3.2 Armour
 + Level 0.7 Dodging
 + Level 0.5 Stealth
 + Level 3.0 Shields
 * Level 2.9 Spellcasting


You had 7 spell levels left.
You knew the following spells:

 Your Spells              Type           Power        Failure   Level  Hunger
a - Shock                 Conj/Air       #...         99%         1    N/A
b - Swiftness             Chrm/Air       #.......     100%        2    N/A

Dungeon Overview and Level Annotations

Branches:
Dungeon (6/15)
 Temple: D:4-7

Altars:
Ashenzari
Cheibriados
Sif Muna

Shops:
D:4 !


Innate Abilities, Weirdness & Mutations

You do not eat or drink.
Your flesh is vulnerable to fire.
You are immune to poison.
Your flesh is cold resistant. (rC+)
You are immune to negative energy. (rN+++)
You are immune to unholy pain and torment.
You can survive without breathing.


Message History

The kobold hits the plant but does no damage.
The orc hits the plant but does no damage.
The kobold hits the plant but does no damage.
The kobold hits the plant.
The kobold hits the plant but does no damage.
The centaur hits you but does no damage.
You barely miss the centaur.
The centaur is almost dead.
You hit the plant but do no damage. You slash the big kobold!
You hit the plant but do no damage.
The big kobold hits you but does no damage.
The kobold hits something with a short sword.
The centaur hits you but does no damage.
The orc hits something with a whip.
The kobold hits something but does no damage.
The kobold hits the plant but does no damage. x2
The big kobold hits you but does no damage.
The kobold hits the plant with a short sword.
The centaur hits you!
You die...

............
♣..P..).()).♣.
##.#.#.####K
♣#♣P♣.).)($... #.#.#.#
###♣....§§(... # #.# #
#.P.(..†§§†..P #.#
##♣P(.....††...♣ #.#
##PPKoP.......... # #.#
###.PKPK.P....†.(♣♣ #
#P.♣KPP#.P♣....)..♣
##.#.#
#♣@KPP##PP♣......PP
.......
......cP..####♣.........
.#.#.#. ......PP###
♣.......♣P .# #
.....♣### #PP♣....♣.. .#
..#.. ###P.P♣P♣♣. .. .
## ##.♣.♣. P #. #P♣♣♣P#
(. ## ##


You could see a big kobold, a centaur, an orc and 4 kobolds.

Vanquished Creatures
  A scorpion (D:4)
  A hound (D:4)
  A jelly (D:4)
  An orc priest (D:5)
  A worker ant (D:5)
  An orc wizard (D:2)
  A hound skeleton (D:4)
  7 adders
  A shadow imp (D:6)
  6 oozes (D:4)
  A worm (D:3)
  A dart slug (D:2)
  3 leopard geckos
  12 orcs
  A giant cockroach (D:1)
  7 goblins
  13 hobgoblins
  8 jackals
  2 quokkas
  10 bats
  7 frilled lizards
  A jackal skeleton (D:5)
  34 kobolds
  9 rats
130 creatures vanquished.

Vanquished Creatures (others)
  3 fungi (D:4)
  8 toadstools (D:4)
11 creatures vanquished.

Grand Total: 141 creatures vanquished

Notes
Turn   | Place    | Note
-------+----------+-------------------------------------------
     0 | D:1      | equalderp2856 the Mummy Fighter began the quest for the Orb.
     0 | D:1      | Reached XP level 1. HP: 18/18 MP: 1/1
   165 | D:1      | Reached XP level 2. HP: 24/24 MP: 2/2
   313 | D:1      | Reached skill level 2 in Axes
   370 | D:1      | Reached XP level 3. HP: 18/29 MP: 3/3
  1190 | D:2      | Reached skill level 1 in Spellcasting
  1228 | D:2      | Reached XP level 4. HP: 31/35 MP: 4/6
  1485 | D:2      | Found a deep blue altar of Sif Muna.
  1487 | D:2      | Found a snail-covered altar of Cheibriados.
  1487 | D:2      | Found a shattered altar of Ashenzari.
  1874 | D:2      | Reached XP level 5. HP: 5/41 MP: 7/7
  2166 | D:2      | Reached skill level 3 in Axes
  2440 | D:3      | You fall through a shaft for 3 floors!
  2500 | D:5      | Entered Level 5 of the Dungeon
  2606 | D:4      | Found Gylalemas's Distillery.
  2828 | D:4      | Reached XP level 6. HP: 21/47 MP: 9/9
  3622 | D:5      | Reached skill level 4 in Axes
  3638 | D:5      | Learned a level 1 spell: Shock
  3641 | D:5      | Learned a level 2 spell: Swiftness
  3882 | D:5      | Slain by a centaur

Skill      XL: |  1  2  3  4  5  6 |
---------------+-------------------+-----
Axes           | 2 3 4 |  4.1
Spellcasting   | 1 2 |  2.9
Armour         | 3 |  3.2
Shields        | 3 |  3.0
Fighting       | |  3.7
Dodging        | |  0.7
Stealth        | |  0.5

Action                   |  1- 3 |  4- 6 || total
-------------------------+-------+-------++-------
Melee: War axe           |   174 |   258 ||   432
Armor: Scale mail        |   101 |   171 ||   272
Dodge: Dodged            |    65 |   106 ||   171
Block: Shield            |    91 |   185 ||   276
